 Dungeon Crawl Stone Soup version 0.28-a0-268-g3f656e82c2 (webtiles) character file.

Game seed: 2412426262895050680

788 dolemite99 the Grasshopper (level 7, -1/56 HPs)
             Began as a Gnoll Warper on Aug 28, 2021.
             Was a Priest of Dithmenos.
             Slain by Crazy Yiuf (16 damage)
             ... on level 5 of the Dungeon.
             The game lasted 00:06:56 (5463 turns).

dolemite99 the Grasshopper (Gnoll Warper)           Turns: 5463, Time: 00:06:56

Health: -1/56      AC:  5    Str: 12    XL:     7   Next: 87%
Magic:  8/15       EV: 15    Int: 13    God:    Dithmenos [***...]
Gold:   218        SH:  4    Dex: 11    Spells: 17/17 levels left

rFire   . . .      SeeInvis .   a - +0 war axe (venom)
rCold   . . .      Faith    .   h - +0 buckler
rNeg    . . .      Spirit   .   e - +0 ring mail
rPois   .          Reflect  .   (no helmet)
rElec   .          Harm     .   (no cloak)
rCorr   .          Rampage  .   (no gloves)
Will    .....                   (no boots)
Stlth   ++........              (no amulet)
HPRegen 0.18/turn               i - +4 ring of slaying {=R}
MPRegen 0.14/turn               b - +4 ring of evasion

@: wreathed by umbra
A: fangs 1, strong nose, distributed training
a: Renounce Religion, Shadow Step


You were on level 5 of the Dungeon.
You worshipped Dithmenos.
Dithmenos was most pleased with you.
You visited 1 branch of the dungeon, and saw 5 of its levels.
You also visited: Ossuary.

You collected 218 gold pieces.

Inventory:

Hand Weapons
 a - a +0 war axe of venom (weapon)
 t - a +0 trident of flaming
 u - a +0 hand axe
Missiles
 j - 19 sling bullets
 k - 150 stones
Armour
 e - a +0 ring mail (worn)
 h - a +0 buckler (worn)
Magical Staves
 l - a staff of death
 p - a staff of conjuration
Jewellery
 b - a +4 ring of evasion (right hand)
 i - a +4 ring of slaying (left hand) {=R}
 n - a ring of positive energy
 o - a ring of positive energy
 v - a +6 ring of intelligence
Scrolls
 c - 2 scrolls of blinking
 m - 2 scrolls of teleportation
 r - a scroll of holy word
Potions
 d - a potion of attraction {unknown}
 g - a potion of ambrosia
 s - a potion of might {unknown}
 x - 2 potions of cancellation {unknown}
Miscellaneous
 q - a lightning rod (3/4) (quivered)


   Skills:
 + Level 5.4 Fighting
 + Level 2.7 Short Blades
 + Level 2.7 Long Blades
 + Level 5.4 Axes
 + Level 2.7 Maces & Flails
 + Level 2.7 Polearms
 + Level 2.7 Staves
 + Level 2.7 Slings
 + Level 2.7 Bows
 + Level 2.7 Crossbows
 + Level 3.8 Throwing
 + Level 3.8 Armour
 + Level 5.4 Dodging
 + Level 2.7 Stealth
 + Level 2.7 Shields
 + Level 2.7 Unarmed Combat
 + Level 5.7 Spellcasting
 + Level 2.2 Conjurations
 + Level 2.2 Hexes
 + Level 2.2 Summonings
 + Level 2.2 Necromancy
 + Level 5.9 Translocations
 + Level 2.2 Transmutations
 + Level 2.2 Fire Magic
 + Level 2.2 Ice Magic
 + Level 2.2 Air Magic
 + Level 2.2 Earth Magic
 + Level 2.2 Poison Magic
 + Level 3.0 Invocations
 + Level 2.7 Evocations


You had 17 spell levels left.
You didn't know any spells.
Your spell library contained the following spells:

 Spells                   Type           Power      Damage    Failure   Level
 Blink                    Tloc           N/A        N/A       6%          2
 Gell's Gravitas          Tloc           9%         N/A       12%         3
 Lesser Beckoning         Tloc           9%         N/A       12%         3
 Teleport Other           Tloc           19%        N/A       12%         3
 Manifold Assault         Tloc           19%        N/A       71%         5
 Airstrike                Air            4%         N/A       86%         4
 Cause Fear               Hex            4%         N/A       86%         4
 Summon Lightning Spire   Summ/Air       9%         N/A       86%         4
 Lightning Bolt           Conj/Air       4%         1d16      99%         5
 Dragon Form              Tmut           4%         N/A       100%        7
 Dragon's Call            Summ           4%         N/A       100%        9


Dungeon Overview and Level Annotations

Branches:
Dungeon (5/15)            Ossuary (visited)
 Temple: D:4-7

Altars:
Ashenzari
Dithmenos
Elyvilon
Fedhas
Yredelemnul

Annotations:
D:5 Crazy Yiuf


Innate Abilities, Weirdness & Mutations

You have very sharp teeth.
Your uncanny sense of smell can sniff out nearby items.
Your experience applies equally to all skills.


Message History

You see here a +3 mace of holy wrath.
You open the door.
Crazy Yiuf hits you with a +4 quarterstaff of chaos!
Crazy Yiuf burns you.
There is an open translucent door, spattered with blood here.
You hit Crazy Yiuf.
Crazy Yiuf is poisoned.
Crazy Yiuf is lightly wounded.
Crazy Yiuf barely misses you.
You closely miss Crazy Yiuf.
Crazy Yiuf is moderately wounded.
You block Crazy Yiuf's attack.
You barely miss Crazy Yiuf.
Crazy Yiuf is moderately wounded.
Crazy Yiuf hits you with a +4 quarterstaff of chaos!
You feel your power leaking away.
Crazy Yiuf grits, "Shadow shoe unthinkable!"
Crazy Yiuf hits you with a +4 quarterstaff of chaos!
Crazy Yiuf freezes you.
Your shield and ring mail prevent you from hitting Crazy Yiuf.
Crazy Yiuf is lightly wounded.
Crazy Yiuf hits you with a +4 quarterstaff of chaos!
* * * LOW HITPOINT WARNING * * *
You are poisoned.
You barely miss Crazy Yiuf.
Crazy Yiuf is moderately wounded.
You feel very sick. Crazy Yiuf barely misses you.
You feel better.
Crazy Yiuf hits you with a +4 quarterstaff of chaos!
* * * LOW HITPOINT WARNING * * *
You feel your power leaking away.
You feel better. Crazy Yiuf misses you.
You feel better.
Crazy Yiuf hits you with a +4 quarterstaff of chaos!
Crazy Yiuf burns you.
* * * LOW HITPOINT WARNING * * *
You hit Crazy Yiuf.
Crazy Yiuf is severely wounded.
Crazy Yiuf hits you with a +4 quarterstaff of chaos!
You die...

##................
#.............##.#
###..###..######
.....# #### .....#
.....# ....#######
#### ..........##
###..)#
#.###......####)@g..#
#.# ##......#).##.))#
#.# ##....#.### ####
..# ######## ### ###
#.# #########.#
#^........#


You could see Crazy Yiuf (poisoned).

Vanquished Creatures
  A necrophage (D:4)
  An ogre (D:4)
  A scorpion (D:5)
  A water moccasin skeleton (D:4)
  2 centaur zombies (D:5)
  3 orc priests
  2 hounds (D:5)
  A jelly (D:5)
  3 orc wizards (D:5)
  A scorpion zombie (D:5)
  A mummy (Ossuary)
  A gnoll (D:3)
  2 adders (D:3)
  A white imp (D:5)
  2 adder skeletons (D:4)
  2 worms
  2 dart slugs
  14 orcs
  4 bats
  4 endoplasms
  2 giant cockroaches
  5 goblins
  5 hobgoblins
  9 jackals
  5 kobolds
  2 quokkas
  9 ball pythons
  4 frilled lizards
  9 gnoll skeletons (Ossuary)
  2 goblin zombies (D:5)
  6 kobold skeletons (Ossuary)
  8 orc skeletons (Ossuary)
  4 rats
119 creatures vanquished.

Notes
Turn   | Place    | Note
-------+----------+-------------------------------------------
     0 | D:1      | dolemite99 the Gnoll Warper began the quest for the Orb.
     0 | D:1      | Reached XP level 1. HP: 20/20 MP: 6/6
    23 | D:1      | Found a faded altar of an unknown god.
    41 | D:1      | Became a worshipper of Dithmenos the Shadowed
    41 | D:1      | Reached * piety under Dithmenos
   210 | D:1      | Reached XP level 2. HP: 24/26 MP: 7/7
   712 | D:1      | Reached XP level 3. HP: 21/31 MP: 9/9
   714 | D:1      | Reached skill level 5 in Spellcasting
  1281 | D:2      | Found a basalt altar of Yredelemnul.
  1649 | D:2      | Reached skill level 1 in Invocations
  1893 | D:3      | Reached ** piety under Dithmenos
  2076 | D:3      | Reached skill level 1 in Short Blades
  2076 | D:3      | Reached skill level 1 in Long Blades
  2076 | D:3      | Reached skill level 1 in Maces & Flails
  2076 | D:3      | Reached skill level 1 in Polearms
  2076 | D:3      | Reached skill level 1 in Staves
  2076 | D:3      | Reached skill level 1 in Slings
  2076 | D:3      | Reached skill level 1 in Bows
  2076 | D:3      | Reached skill level 1 in Crossbows
  2076 | D:3      | Reached skill level 1 in Stealth
  2076 | D:3      | Reached skill level 1 in Shields
  2076 | D:3      | Reached skill level 1 in Unarmed Combat
  2076 | D:3      | Reached skill level 1 in Evocations
  2133 | D:3      | Found a blossoming altar of Fedhas.
  2189 | D:3      | Found a basalt altar of Yredelemnul.
  2193 | D:3      | Reached XP level 4. HP: 37/38 MP: 11/11
  2481 | D:3      | Reached skill level 1 in Conjurations
  2481 | D:3      | Reached skill level 1 in Hexes
  2481 | D:3      | Reached skill level 1 in Summonings
  2481 | D:3      | Reached skill level 1 in Necromancy
  2481 | D:3      | Reached skill level 1 in Transmutations
  2481 | D:3      | Reached skill level 1 in Fire Magic
  2481 | D:3      | Reached skill level 1 in Ice Magic
  2481 | D:3      | Reached skill level 1 in Air Magic
  2481 | D:3      | Reached skill level 1 in Earth Magic
  2481 | D:3      | Reached skill level 1 in Poison Magic
  2606 | D:3      | Found a white marble altar of Elyvilon.
  2931 | D:4      | Reached XP level 5. HP: 29/43 MP: 12/12
  3135 | D:4      | Noticed an ogre
  3142 | D:4      | Killed an ogre
  3205 | D:4      | Reached XP level 6. HP: 41/50 MP: 13/13
  3258 | D:4      | Found a broken altar of Ashenzari.
  3303 | D:4      | Noticed a necrophage
  3312 | D:4      | Killed a necrophage
  3313 | D:4      | Reached skill level 5 in Fighting
  3313 | D:4      | Reached skill level 5 in Axes
  3313 | D:4      | Reached skill level 5 in Dodging
  3652 | D:5      | Entered Level 5 of the Dungeon
  3753 | D:5      | Reached XP level 7. HP: 48/56 MP: 15/15
  3865 | D:5      | Found a sand-covered staircase.
  3881 | Ossuary  | Entered an ossuary
  3881 | Ossuary  | Noticed a wraith
  3881 | Ossuary  | Noticed a wraith
  3881 | Ossuary  | Noticed a wraith
  3896 | Ossuary  | Reached *** piety under Dithmenos
  4171 | Ossuary  | Noticed a wraith
  5449 | D:5      | Found a runed translucent door.
  5450 | D:5      | Noticed Crazy Yiuf
  5463 | D:5      | Slain by Crazy Yiuf

Illustrated notes

Levels and vault maps discovered:
D:1:      dpeg_arrival_pits, layout_basic, basic_ecumenical_altar,
          minmay_misc_feat_columns
D:2:      layout_loops_cross, basic_altar
D:3:      layout_loops_ring, mainiacjoe_overflow_surrounded_room,
          lemuel_tele_altar, mainiacjoe_overflow_cross_hatched,
          minmay_misc_feat_square, minmay_checkerbox
D:4:      layout_basic, ashenzari_altar_1
D:5:      layout_loops_ring, enter_ossuary_4, uniq_crazy_yiuf_cottage

Skill      XL: |  1  2  3  4  5  6  7 |
---------------+----------------------+-----
Spellcasting   | 5 |  5.7
Invocations    | 1 2 3 |  3.0
Short Blades   | 1 2 |  2.7
Long Blades    | 1 2 |  2.7
Maces & Flails | 1 2 |  2.7
Polearms       | 1 2 |  2.7
Staves         | 1 2 |  2.7
Slings         | 1 2 |  2.7
Bows           | 1 2 |  2.7
Crossbows      | 1 2 |  2.7
Stealth        | 1 2 |  2.7
Shields        | 1 2 |  2.7
Unarmed Combat | 1 2 |  2.7
Evocations     | 1 2 |  2.7
Conjurations   | 1 2 |  2.2
Hexes          | 1 2 |  2.2
Summonings     | 1 2 |  2.2
Necromancy     | 1 2 |  2.2
Transmutations | 1 2 |  2.2
Fire Magic     | 1 2 |  2.2
Ice Magic      | 1 2 |  2.2
Air Magic      | 1 2 |  2.2
Earth Magic    | 1 2 |  2.2
Poison Magic   | 1 2 |  2.2
Throwing       | 3 |  3.8
Armour         | 3 |  3.8
Fighting       | 5 |  5.4
Axes           | 5 |  5.4
Dodging        | 5 |  5.4
Translocations | |  5.9

Action                   |  1- 3 |  4- 6 |  7- 9 || total
-------------------------+-------+-------+-------++-------
Melee: Hand axe          |   113 |    56 |       ||   169
       Bite              |     9 |    10 |    14 ||    33
       Trident           |       |    25 |       ||    25
       War axe           |       |     5 |   111 ||   116
Throw: Boomerang         |     5 |       |       ||     5
       Stone             |     1 |     3 |       ||     4
Evoke: Lightning rod     |       |     5 |       ||     5
  Use: Scroll            |       |     7 |     5 ||    12
       Potion            |       |       |     4 ||     4
Armor: Ring mail         |    38 |     9 |    23 ||    70
Dodge: Dodged            |    84 |    67 |    88 ||   239
Block: Buckler           |     8 |    12 |    25 ||    45

Table legend: (Time is in decaauts)
 A = Elapsed time spent in this place.
 B = Non-inter-level travel time spent in this place.
 C = Inter-level travel time spent in this place.
 D = Time resting spent in this place.
 E = Time spent auto-exploring this place.
 F = Levels seen in this place.
 G = Mean time per level.
                   A        B        C        D        E       F      G
               +--------+--------+--------+--------+--------+-----+--------+
         Total |   5534 |   5445 |     89 |   1152 |   3058 |   6 |  922.3 |
       Dungeon |   4904 |   4815 |     89 |    735 |   3046 |   5 |  980.8 |
       Ossuary |    630 |    630 |      0 |    417 |     12 |   1 |  630.0 |
               +--------+--------+--------+--------+--------+-----+--------+

Top non-repeatable levels by time:
     D:5: 1230 daAuts
     D:3: 1032 daAuts
     D:1: 985 daAuts
     D:4: 832 daAuts
     D:2: 823 daAuts
 Ossuary: 630 daAuts
